 Dungeon Crawl Stone Soup version 0.23.0 (webtiles) character file.

Game seed: 4254713308328253782

806 inmateoo the Insei (level 7, -21/53 HPs)
             Began as a Gnoll Transmuter on Feb 10, 2019.
             Was a Believer of Cheibriados.
             Demolished by an ogre
             ... wielding a +0 giant club
              (29 damage)
             ... on level 5 of the Dungeon.
             The game lasted 00:04:19 (3297 turns).

inmateoo the Insei (Gnoll Transmuter)               Turns: 3297, Time: 00:04:19

Health: -21/53     AC:  5    Str: 18    XL:     7   Next: 91%
Magic:  4/15       EV: 16    Int: 22    God:    Cheibriados [**....]
Gold:   154        SH:  0    Dex: 20    Spells: 7/17 levels left

rFire    + . .     SeeInvis .   t - +6 club
rCold    + . .     Gourm    .   (no shield)
rNeg     . . .     Faith    .   b - +0 robe
rPois    +         Spirit   .   g - +1 helmet
rElec    +         Reflect  .   (no cloak)
rCorr    +         Harm     .   (no gloves)
MR       .....                  s - +0 pair of boots
Stlth    ++++......             (no amulet)
HPRegen  0.17/turn              (no ring)
MPRegen  0.14/turn              (no ring)

@: resistant, very slightly contaminated, very slow
A: distributed training, fangs 1, camouflage 1, screaming 1, strong nose
a: Bend Time, Renounce Religion


You were on level 5 of the Dungeon.
You worshipped Cheibriados.
Cheibriados was pleased with you.
You were hungry.

You visited 1 branch of the dungeon, and saw 5 of its levels.

You collected 154 gold pieces.

Inventory:

Hand Weapons
 t - a +6 club (weapon)
Missiles
 a - 27 arrows
Armour
 b - a +0 robe (worn)
 g - a +1 helmet (worn)
 s - a +0 pair of boots (worn)
Jewellery
 x - an uncursed amulet of regeneration {unknown}
 y - a cursed ring of attention {unknown}
Wands
 r - a wand of iceblast (12)
Scrolls
 f - 6 scrolls of identify {unknown}
 h - 3 scrolls of teleportation {unknown}
 i - 5 scrolls of remove curse {unknown}
 j - 2 scrolls of enchant armour {unknown}
 k - a scroll of noise {unknown}
 o - 3 scrolls of fog {unknown}
 p - a scroll of random uselessness {unknown}
 q - a scroll of magic mapping {unknown}
 w - a scroll of enchant weapon {unknown}
Potions
 e - a potion of lignification {unknown}
 l - a potion of agility {unknown}
 m - a potion of resistance
 n - a potion of magic {unknown}
 u - a potion of brilliance {unknown}
Comestibles
 d - 12 rations
 v - 8 chunks of flesh


   Skills:
 + Level 3.8 Fighting
 + Level 2.7 Short Blades
 + Level 2.7 Long Blades
 + Level 2.7 Axes
 + Level 2.7 Maces & Flails
 + Level 2.7 Polearms
 + Level 2.7 Staves
 + Level 2.7 Slings
 + Level 2.7 Bows
 + Level 2.7 Crossbows
 + Level 2.7 Throwing
 + Level 2.7 Armour
 + Level 5.4 Dodging
 + Level 2.7 Stealth
 + Level 2.7 Shields
 + Level 7.1 Unarmed Combat
 + Level 5.7 Spellcasting
 + Level 2.2 Conjurations
 + Level 2.2 Hexes
 + Level 2.2 Charms
 + Level 2.2 Summonings
 + Level 2.2 Necromancy
 + Level 2.2 Translocations
 + Level 4.4 Transmutations
 + Level 2.2 Fire Magic
 + Level 2.2 Ice Magic
 + Level 2.2 Air Magic
 + Level 2.2 Earth Magic
 + Level 2.2 Poison Magic
 + Level 3.0 Invocations
 + Level 2.7 Evocations


You had 7 spell levels left.
You knew the following spells:

 Your Spells              Type           Power        Failure   Level  Hunger
a - Beastly Appendage     Tmut           ####..       1%          1    None
b - Sticks to Snakes      Tmut           ####....     2%          2    None
c - Spider Form           Tmut/Pois      ###.......   7%          3    ##.....
d - Ice Form              Ice/Tmut       ###.....     24%         4    ####...

Your spell library contained the following spells:

 Spells                   Type           Power        Failure   Level  Hunger
 Blade Hands              Tmut           ####......   38%         5    #####..


Dungeon Overview and Level Annotations

Branches:
Dungeon (5/15)             Temple (0/1) D:4

Altars:
Ashenzari
Cheibriados
Hepliaklqana
Kikubaaqudgha
Nemelex Xobeh
Okawaru
Vehumet
Wu Jian
Zin
The Shining One


Innate Abilities, Weirdness & Mutations

Your experience applies equally to all skills.
You have very sharp teeth.
Your uncanny sense of smell can sniff out nearby items.
Your skin changes colour to match your surroundings (Stealth+).
You occasionally shout uncontrollably at your foes.


Message History

You are feeling hungry.
The phantom completely misses you.
Your adder bites the phantom.
The hound misses you. The ogre barely misses you. The phantom hits you!
* * * LOW HITPOINT WARNING * * *
Your adder bites the phantom.
Your adder closely misses the phantom.
The hound closely misses you.
The phantom blinks!
The ogre completely misses you. The hound barely misses you.
Your adder closely misses the hound.
The hound completely misses you.
You hit the phantom.
The phantom is moderately damaged.
The hound misses you. The ogre misses you.
Your adder bites the hound but does no damage.
The phantom hits you.
* * * LOW HITPOINT WARNING * * *
The phantom blinks!
The hound closely misses you.
Your adder completely misses the hound.
The hound bites you but does no damage.
The ogre hits you with a +0 giant club!!
Ouch! That really hurt!
You die...

∆ . #... . #...# . #...#
# ## #...# ##### #### ..#
#...###...## #...
...##...##.....##.####.#.
....#...#O......#........
....W...@hS..?..#.......#
...#...#.......#.#######
#...##.....##.# #
###...###...##..# #
#.......#####...#
###...##.#####.#
##...........# ####
#####>#####.# #...
#.......# #.##


You could see a phantom, an ogre, a hound and a friendly adder.

Vanquished Creatures
  An ice beast (D:5)
  A phantom (D:5)
  A black bear (D:5)
  2 howler monkeys
  A crimson imp (D:5)
  A bullfrog zombie (D:5)
  2 hounds (D:4)
  Ijyb (D:4)
  An iguana (D:4)
  A worker ant (D:4)
  A hound skeleton (D:4)
  Robin (D:2)
  8 adders
  An adder skeleton (D:5)
  A worm (D:2)
  2 leopard geckos (D:1)
  6 orcs
  11 bats
  4 giant cockroaches
  9 goblins
  13 hobgoblins
  6 jackals
  3 quokkas (D:2)
  4 ball pythons
  A ball python skeleton (D:4)
  5 frilled lizards
  2 jackal zombies (D:5)
  6 kobolds
  A quokka skeleton (D:5)
  7 rats
104 creatures vanquished.

Vanquished Creatures (collateral kills)
  An ice beast (D:5)
  A quokka skeleton (D:4)
2 creatures vanquished.

Grand Total: 106 creatures vanquished

Notes
Turn   | Place    | Note
-------+----------+-------------------------------------------
     0 | D:1      | inmateoo the Gnoll Transmuter began the quest for the Orb.
     0 | D:1      | Reached XP level 1. HP: 17/17 MP: 6/6
    37 | D:1      | Reached XP level 2. HP: 11/23 MP: 5/7
   420 | D:1      | You fall through a shaft!
   420 | D:2      | Found an ancient bone altar of Kikubaaqudgha.
   427 | D:2      | Noticed Robin
   457 | D:2      | Learned a level 2 spell: Sticks to Snakes
   518 | D:2      | Reached XP level 3. HP: 28/28 MP: 9/9
   530 | D:2      | Reached skill level 5 in Spellcasting
   605 | D:2      | Reached skill level 1 in Invocations
   732 | D:2      | Killed Robin
   732 | D:2      | Reached skill level 1 in Short Blades
   732 | D:2      | Reached skill level 1 in Long Blades
   732 | D:2      | Reached skill level 1 in Axes
   732 | D:2      | Reached skill level 1 in Maces & Flails
   732 | D:2      | Reached skill level 1 in Polearms
   732 | D:2      | Reached skill level 1 in Staves
   732 | D:2      | Reached skill level 1 in Slings
   732 | D:2      | Reached skill level 1 in Bows
   732 | D:2      | Reached skill level 1 in Crossbows
   732 | D:2      | Reached skill level 1 in Throwing
   732 | D:2      | Reached skill level 1 in Armour
   732 | D:2      | Reached skill level 1 in Stealth
   732 | D:2      | Reached skill level 1 in Shields
   732 | D:2      | Reached skill level 1 in Evocations
   732 | D:2      | Reached XP level 4. HP: 34/34 MP: 11/11
   806 | D:2      | Found a faded altar of an unknown god.
   806 | D:2      | Found a faded altar of an unknown god.
   811 | D:2      | Found a glowing golden altar of the Shining One.
   814 | D:2      | Found a snail-covered altar of Cheibriados.
   815 | D:2      | Found a radiant altar of Vehumet.
   819 | D:2      | Became a worshipper of Cheibriados the Contemplative
   962 | D:2      | Found a hazy altar of Hepliaklqana.
  1123 | D:3      | Reached skill level 1 in Conjurations
  1123 | D:3      | Reached skill level 1 in Hexes
  1123 | D:3      | Reached skill level 1 in Charms
  1123 | D:3      | Reached skill level 1 in Summonings
  1123 | D:3      | Reached skill level 1 in Necromancy
  1123 | D:3      | Reached skill level 1 in Translocations
  1123 | D:3      | Reached skill level 1 in Fire Magic
  1123 | D:3      | Reached skill level 1 in Ice Magic
  1123 | D:3      | Reached skill level 1 in Air Magic
  1123 | D:3      | Reached skill level 1 in Earth Magic
  1123 | D:3      | Reached skill level 1 in Poison Magic
  1138 | D:3      | Found an ornate altar of the Wu Jian Council.
  1261 | D:3      | Reached * piety under Cheibriados
  1346 | D:3      | Reached XP level 5. HP: 40/40 MP: 12/12
  1519 | D:3      | Learned a level 3 spell: Spider Form
  1524 | D:3      | Learned a level 4 spell: Ice Form
  1635 | D:4      | Reached XP level 6. HP: 27/47 MP: 13/13
  1773 | D:4      | Found a staircase to the Ecumenical Temple.
  2088 | D:4      | Noticed Ijyb
  2110 | D:4      | Killed Ijyb
  2110 | D:4      | Reached skill level 5 in Dodging
  2196 | D:4      | Reached ** piety under Cheibriados
  2210 | D:4      | Found a sparkling altar of Nemelex Xobeh.
  2210 | D:4      | Found a shattered altar of Ashenzari.
  2211 | D:4      | Found a glowing silver altar of Zin.
  2473 | D:4      | Found an iron altar of Okawaru.
  2823 | D:5      | Entered Level 5 of the Dungeon
  2836 | D:5      | Noticed a black bear
  2849 | D:5      | Killed a black bear
  2849 | D:5      | Reached XP level 7. HP: 26/52 MP: 12/15
  3068 | D:5      | Reached skill level 7 in Unarmed Combat
  3118 | D:5      | Gained mutation: You occasionally shout uncontrollably at
                  | your foes. [mutagenic glow]
  3137 | D:5      | Gained mutation: Your skin changes colour to match your
                  | surroundings (Stealth+). [mutagenic glow]
  3297 | D:5      | Demolished by an ogre

Skill      XL: |  1  2  3  4  5  6  7 |
---------------+----------------------+-----
Spellcasting   | 5 |  5.7
Invocations    | 1 2 3 |  3.0
Short Blades   | 1 2 |  2.7
Long Blades    | 1 2 |  2.7
Axes           | 1 2 |  2.7
Maces & Flails | 1 2 |  2.7
Polearms       | 1 2 |  2.7
Staves         | 1 2 |  2.7
Slings         | 1 2 |  2.7
Bows           | 1 2 |  2.7
Crossbows      | 1 2 |  2.7
Throwing       | 1 2 |  2.7
Armour         | 1 2 |  2.7
Stealth        | 1 2 |  2.7
Shields        | 1 2 |  2.7
Evocations     | 1 2 |  2.7
Conjurations   | 1 2 |  2.2
Hexes          | 1 2 |  2.2
Charms         | 1 2 |  2.2
Summonings     | 1 2 |  2.2
Necromancy     | 1 2 |  2.2
Translocations | 1 2 |  2.2
Fire Magic     | 1 2 |  2.2
Ice Magic      | 1 2 |  2.2
Air Magic      | 1 2 |  2.2
Earth Magic    | 1 2 |  2.2
Poison Magic   | 1 2 |  2.2
Fighting       | 3 |  3.8
Transmutations | 4 |  4.4
Dodging        | 5 |  5.4
Unarmed Combat | 7 |  7.1

Action                   |  1- 3 |  4- 6 |  7- 9 || total
-------------------------+-------+-------+-------++-------
Melee: Unarmed           |    94 |   136 |    18 ||   248
       Bite              |     4 |    16 |     8 ||    28
       Headbutt          |     2 |       |       ||     2
       Kick              |     3 |       |       ||     3
       Punch             |     1 |     7 |     3 ||    11
       Club              |       |    34 |    34 ||    68
 Cast: Beastly Appendage |     5 |       |       ||     5
       Sticks to Snakes  |     1 |     1 |     3 ||     5
       Spider Form       |       |     1 |       ||     1
       Ice Form          |       |       |     2 ||     2
  Use: Potion            |       |       |     3 ||     3
 Stab: Sleeping          |       |     3 |     1 ||     4
  Eat: Chunk             |       |     4 |     1 ||     5
Armor: Robe              |    14 |    44 |    18 ||    76
       Skin              |       |       |     3 ||     3
Dodge: Dodged            |    95 |   154 |    71 ||   320
